 Dungeon Crawl Stone Soup version 0.23.1 (webtiles) character file.

Game seed: 5531271525452425151

1171 Kairos the Sneak (level 8, -1/42 HPs)
             Began as a Vine Stalker Fighter on Mar 10, 2019.
             Was an Elder of Uskayaw.
             Slain by a wight
             ... wielding a +4 trident of freezing
              (12 damage)
             ... on level 6 of the Dungeon.
             The game lasted 00:13:36 (5420 turns).

Kairos the Sneak (Vine Stalker Fighter)             Turns: 5420, Time: 00:13:37

Health: -1/42      AC:  3    Str: 19    XL:     8   Next: 41%
Magic:  0/9        EV:  9    Int: 11    God:    Uskayaw [****..]
Gold:   106        SH: 10    Dex: 16    Spells: 7/7 levels left

rFire    . . .     SeeInvis .   q - +4 dagger (venom)
rCold    . . .     Gourm    .   c - +0 shield
rNeg     . . .     Faith    .   H - +0 ring mail (curse)
rPois    .         Spirit   +   D - +0 helmet
rElec    .         Reflect  .   (no cloak)
rCorr    .         Harm     .   u - +0 pair of gloves
MR       +....                  (no boots)
Stlth    ++........             l - amulet of the acrobat
HPRegen  0.54/turn              v - +3 ring of intelligence
MPRegen  0.11/turn              y - +3 ring of protection

@: corroded, drained
A: fangs 3, regeneration 1, magic shield, antimagic bite, no potion heal 3, rot
immunity
a: Stomp, Line Pass, Renounce Religion


You were on level 6 of the Dungeon.
You worshipped Uskayaw.
Uskayaw was noncommittal.
You were not hungry.

You visited 1 branch of the dungeon, and saw 6 of its levels.
You also visited: Sewer.

You collected 274 gold pieces.
You spent 168 gold pieces at shops.

Inventory:

Hand Weapons
 a - a +0 rapier
 q - a +4 dagger of venom (weapon)
 r - a +0 dagger
 t - a +2 flail of holy wrath
Missiles
 e - 4 poisoned tomahawks (quivered)
 w - 7 javelins
Armour
 b - a +0 scale mail
 c - a +0 shield (worn)
 u - a +0 pair of gloves (worn)
 D - a +0 helmet (worn)
 H - a cursed +0 ring mail (worn)
Jewellery
 l - an amulet of the acrobat (around neck)
 v - a +3 ring of intelligence (left hand)
 x - an uncursed ring of ice
 y - a +3 ring of protection (right hand)
 E - an uncursed ring of protection from fire
 G - a cursed ring of flight {unknown}
Wands
 F - a wand of digging (4)
Scrolls
 h - a scroll of amnesia {unknown}
 k - 3 scrolls of enchant armour
 m - 2 scrolls of immolation
 o - a scroll of fog
 p - 3 scrolls of blinking
 z - 2 scrolls of teleportation
 B - a scroll of identify
Potions
 d - 4 potions of might
 g - 2 potions of brilliance
 i - a potion of degeneration {unknown}
 j - 2 potions of berserk rage
 n - a potion of ambrosia {unknown}
 s - a potion of invisibility {unknown}
 A - a potion of magic {unknown}
 C - a potion of heal wounds {unknown}
Comestibles
 f - 8 rations
 I - 3 chunks of flesh


   Skills:
 + Level 3.7(2.8) Fighting
 * Level 4.8(3.9) Short Blades
 + Level 4.0(3.2) Armour
 + Level 2.0(1.2) Dodging
 * Level 5.2(4.3) Stealth
 + Level 4.9(4.0) Shields


You had 7 spell levels left.
You didn't know any spells.
Your spell library was empty.

Dungeon Overview and Level Annotations

Branches:
Dungeon (6/15)
 Temple: D:4-7

Altars:
Ashenzari
Hepliaklqana
Makhleb
Ru
Uskayaw

Shops:
D:5 *


Innate Abilities, Weirdness & Mutations

You have razor-sharp teeth.
Your natural rate of healing is unusually fast.
When hurt, damage is shared between your health and your magic reserves.
Your bite disrupts and absorbs the magic of your enemies.
Potions cannot restore your health.
You are immune to rotting.


Message History

You are too injured to fight recklessly!
You hit the jelly.
You kill the jelly!
The wight hits you from afar with a +4 trident of freezing.
* * * LOW HITPOINT WARNING * * *
You feel drained. The wight freezes you.
* * * LOW HITPOINT WARNING * * *
The wight completely misses you.
Things that are here:
a cursed -1 halberd; a +0 robe You hit the wight but do no damage.
You bite the wight, but do no damage.
The wight is heavily damaged.
The wight is no longer sharing its pain.
You block the wight's attack.
You hit the wight but do no damage. You bite the wight, but do no damage.
The wight is heavily damaged.
You hit the wight but do no damage.
The wight is heavily damaged.
The wight hits you with a +4 trident of freezing!
You die...

#..# #.##.#. #..#
..#.... #..##
#..... #...#
#.#..J ##..#
#.##.#
#..###.##.####...
#..##...#.J..(...
#..z..#..z.###...
##@##...##z#
#)###†## .# #.#
#.# .# #.# #.# .#
#.# #.# .. #.#
#.# .. #.# #.#
#.# #.# #..


You could see a wight.

Vanquished Creatures
  Sigmund (D:3)
  A hungry ghost (D:5)
  An ice beast (D:5)
  A centaur (D:5)
  A bullfrog (D:3)
  A scorpion (D:4)
  A howler monkey (D:3)
  2 wights (D:6)
  A crimson imp (D:5)
  2 orc priests (D:5)
  A centaur skeleton (D:2)
  A jelly (D:6)
  An iguana (D:5)
  2 worker ants (D:4)
  4 gnolls (D:3)
  5 adders
  An ooze (D:5)
  An adder zombie (D:6)
  5 worms
  A dart slug (D:5)
  4 leopard geckos
  22 orcs
  10 bats
  4 giant cockroaches
  5 goblins
  7 hobgoblins
  23 jackals
  19 kobolds
  3 quokkas
  5 ball pythons (Sewer)
  7 frilled lizards
  8 rats
  3 plants (Sewer)
154 creatures vanquished.

Vanquished Creatures (others)
  A plant (Sewer)
1 creature vanquished.

Grand Total: 155 creatures vanquished

Notes
Turn   | Place    | Note
-------+----------+-------------------------------------------
     0 | D:1      | Kairos the Vine Stalker Fighter began the quest for the
                  | Orb.
     0 | D:1      | Reached XP level 1. HP: 11/11 MP: 2/2
    50 | D:1      | Reached XP level 2. HP: 9/16 MP: 3/3
   316 | D:1      | Reached XP level 3. HP: 15/20 MP: 4/4
   889 | D:2      | Found a shattered altar of Ashenzari.
   897 | D:2      | Reached skill level 1 in Stealth
   897 | D:2      | Gained mutation: Your natural rate of healing is unusually
                  | fast. [Vine Stalker growth]
   897 | D:2      | Reached XP level 4. HP: 19/24 MP: 3/5
   902 | D:2      | Found a burning altar of Makhleb.
   916 | D:2      | Found a hazy altar of Hepliaklqana.
   930 | D:2      | Found a hide-covered altar of Uskayaw.
   991 | D:2      | Became a worshipper of Uskayaw the Reveler
  1094 | D:2      | Reached * piety under Uskayaw
  1464 | D:3      | Noticed Sigmund
  1599 | D:3      | Noticed a bullfrog
  1603 | D:3      | Reached ** piety under Uskayaw
  1607 | D:3      | Reached *** piety under Uskayaw
  1608 | D:3      | Killed a bullfrog
  1608 | D:3      | Reached skill level 2 in Stealth
  1608 | D:3      | Reached XP level 5. HP: 23/28 MP: 3/6
  1615 | D:3      | Reached **** piety under Uskayaw
  1931 | D:3      | Reached XP level 6. HP: 32/32 MP: 7/7
  2166 | D:3      | Reached skill level 1 in Dodging
  2376 | D:3      | Killed Sigmund
  2376 | D:3      | Reached skill level 3 in Stealth
  2434 | D:3      | Found a faded altar of an unknown god.
  2668 | D:4      | Reached XP level 7. HP: 31/36 MP: 6/8
  3217 | D:4      | Found a glowing drain.
  3229 | Sewer    | Entered a sewer
  4406 | D:5      | Entered Level 5 of the Dungeon
  4409 | D:5      | Found Futrukh's Assorted Antiques.
  4484 | D:5      | Reached skill level 4 in Stealth
  4636 | D:5      | Noticed a hungry ghost
  4654 | D:5      | Killed a hungry ghost
  4654 | D:5      | Gained mutation: You have razor-sharp teeth. [Vine Stalker
                  | growth]
  4654 | D:5      | Reached XP level 8. HP: 40/42 MP: 9/9
  5219 | D:5      | Found a sacrificial altar of Ru.
  5345 | D:5      | Bought a runed ring mail for 168 gold pieces
  5408 | D:6      | Reached skill level 5 in Stealth
  5420 | D:6      | Slain by a wight

Skill      XL: |  1  2  3  4  5  6  7  8 |
---------------+-------------------------+-----
Fighting       | 3 |  3.7
Shields        | 3 4 |  4.9
Short Blades   | 2 3 4 |  4.8
Armour         | 3 4 |  4.0
Stealth        | 1 2 3 4 5 |  5.2
Dodging        | 1 2 |  2.0

Action                   |  1- 3 |  4- 6 |  7- 9 || total
-------------------------+-------+-------+-------++-------
Melee: Rapier            |    99 |    26 |       ||   125
       Bite              |    30 |    86 |   227 ||   343
       Dagger            |       |   183 |   563 ||   746
  Use: Scroll            |     1 |     5 |     7 ||    13
 Stab: Paralysed         |       |     4 |     5 ||     9
       Sleeping          |       |       |     2 ||     2
  Eat: Chunk             |       |     6 |    10 ||    16
       Ration            |       |       |     1 ||     1
Armor: Scale mail        |    39 |    61 |    78 ||   178
       Ring mail         |       |       |     3 ||     3
Dodge: Dodged            |    24 |   123 |    99 ||   246
Block: Shield            |    35 |   145 |   150 ||   330
